details: 'noob tries to counter towe rrush'

« prev index next »

General information

Mini Map

Players

team 1
Humancheeesemaster (green | 65 APM | 138 actions | 02:06)

» actions
Assign group hotkey16
Build / train10
ESC pressed2
Enter build submenu6
Right click44
Select / deselect19
Select group hotkey31
Use ability10
138 total
» units
Peasant7
7 total
» buildings
Lumber Mill1
Scout Tower5
Guard Tower3
9 total
» build order
00:05 Lumber Mill
00:51 Scout Tower
00:59 Scout Tower
01:12 Guard Tower
01:13 Scout Tower
01:26 Guard Tower
01:30 Scout Tower
01:46 Guard Tower
01:57 Scout Tower
team 2
Orcyanmagic (red | 54 APM | 111 actions | 02:04)

» actions
Build / train6
Enter build submenu5
Right click55
Select / deselect39
Use ability6
111 total
» units
Peon6
6 total
» buildings
War Mill1
Orc Burrow3
4 total
» build order
00:25 War Mill
00:33 Orc Burrow
00:39 Orc Burrow
00:53 Orc Burrow

Chat log


(01:27 / All) cheeesemaster: YEAH
(01:49 / All) cheeesemaster: YEAH